 Dungeon Crawl Stone Soup version 0.29-a0-233-g1125b37a9b (webtiles) character file.

Game seed: 17499241055280409358

198 siradein the Grave Robber (level 5, -1/38 HPs)
             Began as a Ghoul Necromancer on Mar 2, 2022.
             Killed from afar by an orc wizard (6 damage)
             ... with a magic dart
             ... on level 4 of the Dungeon.
             The game lasted 00:12:33 (4097 turns).

siradein the Grave Robber (Ghoul Necromancer)       Turns: 4097, Time: 00:12:34

Health: -1/38      AC:  5    Str: 12    XL:     5   Next: 76%
Magic:  3/8        EV: 12    Int: 12    God:
Gold:   178        SH:  0    Dex:  9    Spells: 1/9 levels left

rFire   . . .      SeeInvis .   u - +3 woodcutter's axe {vorpal}
rCold   + + +      Faith    .   (shield currently unavailable)
rNeg    + + +      Spirit   .   a - +0 robe
rPois   ∞          Reflect  .   g - +1 helmet of Idij Ene {+Blink rElec rC++}
rElec   +          Harm     .   (no cloak)
rCorr   .          Rampage  .   (no gloves)
Will    +....                   j - +0 pair of boots
Stlth   ++........              (no amulet)
HPRegen 0.00/turn               h - ring of willpower
MPRegen 0.11/turn               (no ring)

@: very slightly contaminated, inhibited regen
A: claws 1, cold resistance 1, negative energy resistance 3, inhibited
regeneration, torment resistance 2
a: Evoke Blink


You were on level 4 of the Dungeon.
You visited 1 branch of the dungeon, and saw 4 of its levels.

You collected 178 gold pieces.

Inventory:

Hand Weapons
 u - the +3 woodcutter's axe (weapon) {vorpal}
   (You took it off a hobgoblin on level 3 of the Dungeon)

   It inflicts extra damage upon your enemies.
Armour
 a - a +0 robe (worn)
 g - the +1 helmet of Idij Ene (worn) {+Blink rElec rC++}
   (You found it on level 2 of the Dungeon)

   rC:        It greatly protects you from cold.
   rElec:     It insulates you from electricity.
   +Blink:    It lets you blink.
 j - a +0 pair of boots (worn)
Magical Staves
 c - a staff of conjuration
 m - a staff of poison
Jewellery
 h - a ring of willpower (left claw)
Scrolls
 b - a scroll of fog {unknown}
 d - a scroll of immolation {unknown}
 e - a scroll of enchant armour {unknown}
 i - a scroll of identify {unknown}
 n - a scroll of holy word {unknown}
 p - a scroll of enchant weapon {unknown}
 q - a scroll of vulnerability {unknown}
 r - a scroll of brand weapon {unknown}
Potions
 k - a potion of flight {unknown}
 l - 2 potions of heal wounds {unknown}
 o - a potion of attraction {unknown}
 t - 2 potions of magic {unknown}


   Skills:
 - Level 1.7 Dodging
 - Level 2.1 Stealth
 + Level 2.8 Spellcasting
 + Level 6.2 Necromancy


You had one spell level left.
You knew the following spells:

 Your Spells              Type           Power      Damage    Failure   Level
a - Pain                  Necr           64%        1d7       1%          1
b - Vampiric Draining     Necr           16%        2d7       6%          3
c - Animate Dead          Necr           8%         N/A       19%         4

Your spell library contained the following spells:

 Spells                   Type           Power      Damage    Failure   Level
 Animate Skeleton         Necr           32%        N/A       1%          1
 Sting                    Tmut/Pois      4%         1d3       26%         1
 Poisonous Vapours        Pois/Air       2%         N/A       36%         2
 Agony                    Necr           16%        N/A       47%         5
 Olgreb's Toxic Radiance  Pois           1%         N/A       94%         4


Dungeon Overview and Level Annotations

Branches:
Dungeon (4/15)
 Temple: D:4-7

Altars:
Elyvilon


Innate Abilities, Weirdness & Mutations

You thrive by killing the living.
You are immune to poison.
You have sharp fingernails.
Your flesh is cold resistant. (rC+)
You are immune to negative energy. (rN+++)
You do not regenerate when monsters are visible.
You are immune to unholy pain and torment.


Message History

You draw life force from the orc!
You kill the orc!
You feel better.
You feel life coursing into your body.
Casting: Vampiric Draining (dangerous; 6% risk of failure)
Confirm with . or Enter, or press ? or * to list all spells.
Aiming: Vampiric Draining (dangerous; 6% risk of failure)
Press: ? - help, Shift-Dir - straight line
Okay, then.
Unknown command.
Casting: Vampiric Draining (dangerous; 6% risk of failure)
Confirm with . or Enter, or press ? or * to list all spells.
Aiming: Pain (safe; 1% risk of failure)
Press: ? - help, Shift-Dir - straight line Something writhes in agony.
The orc misses you. Something hits you but does no damage.
Casting: Pain (safe; 1% risk of failure)
Confirm with . or Enter, or press ? or * to list all spells.
Aiming: Pain (safe; 1% risk of failure)
Press: ? - help, Shift-Dir - straight line You miscast Pain.
You are very lightly contaminated with residual magic.
Nothing appears to happen.
The orc hits you but does no damage. Something hits you but does no damage.
You barely miss the orc. You miss something. The orc closely misses you.
Something hits you but does no damage.
You slash the orc!
You kill the orc!
You feel better.
You miss something.
You hear some strange, mumbled words.
A puff of flame appears from out of thin air!
The puff of flame hits you!
* * * LOW HITPOINT WARNING * * *
Casting: Pain (safe; 1% risk of failure)
Confirm with . or Enter, or press ? or * to list all spells.
You don't know that spell.
You miss something.
You hear some strange, mumbled words.
A magic dart appears from out of thin air!
The magic dart hits you.
You die...

#####
#...#
#.<.#
#..)#
#)#'#
+.{.+
#@..#
+...+
#+#+#


There were no monsters in sight!

Vanquished Creatures
  An orc priest (D:3)
  A jelly (D:3)
  2 gnolls (D:3)
  2 adders (D:2)
  An ufetubus (D:3)
  4 worms
  2 dart slugs
  7 orcs
  8 endoplasms
  A giant cockroach (D:1)
  3 goblins
  7 hobgoblins
  5 jackals (D:3)
  3 kobolds
  4 quokkas
  5 ball pythons
  6 bats
  4 frilled lizards
  5 rats
71 creatures vanquished.

Notes
Turn   | Place    | Note
-------+----------+-------------------------------------------
     0 | D:1      | siradein the Ghoul Necromancer began the quest for the Orb.
     0 | D:1      | Reached XP level 1. HP: 14/14 MP: 2/2
   231 | D:1      | Reached XP level 2. HP: 20/20 MP: 0/3
  1014 | D:1      | Found a faded altar of an unknown god.
  1193 | D:2      | Reached skill level 5 in Necromancy
  1193 | D:2      | Reached XP level 3. HP: 26/26 MP: 0/4
  1692 | D:2      | Identified the +1 helmet of Idij Ene {+Blink rElec rC++}
  1913 | D:2      | Reached XP level 4. HP: 33/33 MP: 0/5
  1917 | D:2      | Learned a level 3 spell: Vampiric Draining
  2768 | D:3      | Reached XP level 5. HP: 38/38 MP: 5/7
  2773 | D:3      | Learned a level 4 spell: Animate Dead
  3279 | D:3      | Reached skill level 6 in Necromancy
  4097 | D:4      | Killed from afar by an orc wizard

Illustrated notes

Levels and vault maps discovered:
D:1:      moated_graveyard_arrival, layout_basic, basic_ecumenical_altar,
          minmay_misc_feat_square
D:2:      layout_loops_ring
D:3:      layout_loops_ring, mainiacjoe_overflow_paths, serial_park_tiny_pond,
          pf_guarded_unrand_woodcutter
D:4:      layout_basic, kennysheep_cross_bottleneck, kennysheep_small_spiral,
          nicolae_elevator_lobby_plus

Skill      XL: |  1  2  3  4  5 |
---------------+----------------+-----
Necromancy     | 5 6 |  6.2
Spellcasting   | 2 |  2.8
Dodging        | |  1.7
Stealth        | |  2.1

Action                   |  1- 3 |  4- 6 || total
-------------------------+-------+-------++-------
Melee: Unarmed           |    38 |     9 ||    47
       Punch             |     1 |     1 ||     2
       Rapier            |       |    12 ||    12
       Morningstar       |       |    22 ||    22
       Battleaxe         |       |     4 ||     4
 Cast: Pain              |    63 |    91 ||   154
       Vampiric Draining |       |     1 ||     1
  Use: Scroll            |       |     1 ||     1
Armor: Robe              |    11 |    19 ||    30
Dodge: Dodged            |    28 |    56 ||    84

Table legend: (Time is in decaauts)
 A = Elapsed time spent in this place.
 B = Non-inter-level travel time spent in this place.
 C = Inter-level travel time spent in this place.
 D = Time resting spent in this place.
 E = Time spent auto-exploring this place.
 F = Levels seen in this place.
 G = Mean time per level.
                   A        B        C        D        E       F      G
               +--------+--------+--------+--------+--------+-----+--------+
         Total |   4110 |   4059 |     51 |     94 |   3198 |   4 | 1027.5 |
       Dungeon |   4110 |   4059 |     51 |     94 |   3198 |   4 | 1027.5 |
               +--------+--------+--------+--------+--------+-----+--------+

Top non-repeatable levels by time:
     D:3: 1595 daAuts
     D:2: 1303 daAuts
     D:1: 1198 daAuts
     D:4: 13 daAuts
